 Dungeon Crawl Stone Soup version 0.28-a0-1074-g3cb2360906 (webtiles) character file.

Game seed: 1902655743111356701

298 Lekart the Magician (level 6, 0/46 HPs)
             Began as a Draconian Air Elementalist on Nov 2, 2021.
             Succumbed to Ijyb's poison
             ... on level 4 of the Dungeon on Dec 9, 2021.
             The game lasted 00:07:53 (4569 turns).

Lekart the Magician (Draconian Air Elementalist)    Turns: 4569, Time: 00:07:54

Health: 0/46       AC:  7    Str: 12    XL:     6   Next: 13%
Magic:  10/12      EV: 12    Int: 22    God:
Gold:   82         SH:  0    Dex: 12    Spells: 9/13 levels left

rFire   . . .      SeeInvis .     - Unarmed
rCold   . . .      Faith    .   (no shield)
rNeg    . . .      Spirit   .   (armour unavailable)
rPois   .          Reflect  .   (helmet restricted)
rElec   .          Harm     .   (no cloak)
rCorr   .          Rampage  .   (no gloves)
Will    +....                   a - +0 pair of boots
Stlth   ++........              (no amulet)
HPRegen 0.15/turn               d - +6 ring of intelligence
MPRegen 0.13/turn               (no ring)

@: lethally poisoned (0 -> -10), studying Slings
A: AC +6, unfitting armour, cold-blooded, strong-willed 1, strong 1
a: no special abilities


You were on level 4 of the Dungeon.
You visited 1 branch of the dungeon, and saw 4 of its levels.

You collected 82 gold pieces.

Inventory:

Missiles
 e - 2 boomerangs of dispersal
Armour
 a - a +0 pair of boots (worn)
Jewellery
 d - a +6 ring of intelligence (left hand)
 j - an amulet of faith
Scrolls
 b - 2 scrolls of immolation {unknown}
 f - a scroll of fog {unknown}
 g - a scroll of identify {unknown}
 h - 2 scrolls of vulnerability {unknown}
 k - a scroll of torment {unknown}


   Skills:
 + Level 0.6 Fighting
 + Level 2.6 Dodging
 - Level 1.7 Stealth
 + Level 1.4 Unarmed Combat
 * Level 4.0 Spellcasting
 + Level 2.0 Conjurations
 + Level 1.0 Transmutations
 + Level 3.9 Air Magic
 + Level 0.8 Poison Magic


You had 9 spell levels left.
You knew the following spells:

 Your Spells              Type           Power      Damage    Failure   Level
a - Shock                 Conj/Air       68%        1d7       3%          1
b - Spider Form           Tmut/Pois      8%         N/A       22%         3

Your spell library contained the following spells:

 Spells                   Type           Power      Damage    Failure   Level
 Static Discharge         Conj/Air       17%        N/A       4%          2
 Swiftness                Air            21%        N/A       7%          3
 Ensorcelled Hibernation  Hex/Ice        8%         N/A       17%         2
 Airstrike                Air            10%        N/A       22%         4


Dungeon Overview and Level Annotations

Branches:
Dungeon (4/15)
 Temple: D:4-7

Altars:
Makhleb

Shops:
D:2 *

Annotations:
D:4 Ijyb


Innate Abilities, Weirdness & Mutations

Your plain brown scales are hard. (AC +6)
You cannot fit into any form of body armour.
You are cold-blooded and may be slowed by cold attacks.
You are strong-willed. (Will+)
Your muscles are strong. (Str +2)


Message History

Ijyb hits you with a +0 dagger of venom.
You are poisoned.
You barely miss Ijyb.
Ijyb is lightly wounded.
You feel very sick.
Ijyb hits you with a +0 dagger of venom.
You are more poisoned.
You barely miss Ijyb.
Ijyb is lightly wounded.
You feel very sick.
Ijyb hits you with a +0 dagger of venom.
You are lethally poisoned!
You completely miss Ijyb.
Ijyb is moderately wounded.
You feel extremely sick.
Ijyb hits you with a +0 dagger of venom.
* * * LOW HITPOINT WARNING * * *
You are too injured to fight recklessly!
It was a potion of curing.
You feel better. Ijyb completely misses you.
You hit Ijyb.
Ijyb looks as sick as possible!
Ijyb is heavily wounded.
Ijyb hits you with a +0 dagger of venom.
You are lethally poisoned!
You hit Ijyb but do no damage.
Ijyb looks as sick as possible!
Ijyb is heavily wounded.
* * * LOW HITPOINT WARNING * * *
You feel very sick. Ijyb completely misses you.
It was a potion of mutation.
You feel extremely strange.
You feel stronger.
You feel strong-willed.
* * * LOW HITPOINT WARNING * * *
You feel very sick. Ijyb closely misses you.
* * * LOW HITPOINT WARNING * * *
You feel very sick.
* * * LOW HITPOINT WARNING * * *
You feel very sick.
Your transformation has ended.
Your +0 pair of boots unmelds from your body.
You die...

.. #.# ..# #####
..# ####...# ##l#
#......# #..#
##......# #g##
#.......###.#
#.......##.@#
.####....)..##.##
............#..#
###.........!.#
#........###.##
#....<#### ##.##
####### #..##
##..# #....#


You could see Ijyb (extremely poisoned) and an iguana.

Vanquished Creatures
  Eustachio (D:4)
  A jelly (D:3)
  An iguana (D:3)
  3 adders
  3 dart slugs
  An orc (D:3)
  7 bats
  6 endoplasms
  2 giant cockroaches
  2 hobgoblins
  4 jackals (D:1)
  A quokka (D:2)
  15 ball pythons
  2 frilled lizards
  2 goblins
  8 kobolds
  4 rats
63 creatures vanquished.

Notes
Turn   | Place    | Note
-------+----------+-------------------------------------------
     0 | D:1      | Lekart the Draconian Air Elementalist began the quest for
                  | the Orb.
     0 | D:1      | Reached XP level 1. HP: 14/14 MP: 3/3
   288 | D:1      | Reached XP level 2. HP: 20/20 MP: 3/5
   748 | D:1      | Reached XP level 3. HP: 26/26 MP: 4/6
   748 | D:1      | Upgraded the game from 0.28-a0-773-g130ae17fe5 to
                  | 0.28-a0-980-g3664467d6e
  1608 | D:2      | Found a faded altar of an unknown god.
  1611 | D:2      | Upgraded the game from 0.28-a0-980-g3664467d6e to
                  | 0.28-a0-1074-g3cb2360906
  2163 | D:2      | Reached skill level 3 in Spellcasting
  2406 | D:2      | Found Casoheniore's General Store.
  2708 | D:3      | Learned a level 3 spell: Spider Form
  2857 | D:3      | Reached XP level 4. HP: 33/33 MP: 4/8
  3747 | D:3      | Found a burning altar of Makhleb.
  4063 | D:3      | Reached XP level 5. HP: 26/39 MP: 6/10
  4370 | D:4      | Noticed Eustachio
  4395 | D:4      | Killed Eustachio
  4396 | D:4      | Reached skill level 1 in Unarmed Combat
  4396 | D:4      | Reached skill level 4 in Spellcasting
  4396 | D:4      | Reached skill level 1 in Transmutations
  4396 | D:4      | Reached XP level 6. HP: 23/46 MP: 3/12
  4552 | D:4      | Noticed Ijyb
  4566 | D:4      | Gained mutation: Your muscles are strong. (Str +2) [potion
                  | of mutation]
  4566 | D:4      | Gained mutation: You are strong-willed. (Will+) [potion of
                  | mutation]
  4568 | D:4      | HP: 2/46 [poisoned by Ijyb]
  4569 | D:4      | Succumbed to Ijyb's poison

Illustrated notes

Levels and vault maps discovered:
D:1:      dpeg_arrival_refuge, layout_loops_ring
D:2:      layout_loops_corners, serial_shops, shop_fountains,
          ebering_ecumenical_altar_sacrificial, minivault_23
D:3:      layout_basic, mainiacjoe_overflow_tiny_flanked, nrook_mini_backslash
D:4:      layout_cave_pods, moated_statue, due_unseen_surprise, uniq_pikel,
          uniq_blork_the_orc, uniq_eustachio, uniq_ijyb

Skill      XL: |  1  2  3  4  5 |
---------------+----------------+-----
Dodging        | 2 |  2.6
Spellcasting   | 3 4 |  4.0
Conjurations   | 2 |  2.0
Unarmed Combat | 1 |  1.4
Transmutations | 1 |  1.0
Fighting       | |  0.6
Stealth        | |  1.7
Air Magic      | |  3.9
Poison Magic   | |  0.8

Action                   |  1- 3 |  4- 6 || total
-------------------------+-------+-------++-------
Melee: Unarmed           |    43 |    62 ||   105
       Tailslap          |     3 |       ||     3
 Cast: Shock             |    92 |    14 ||   106
       Spider Form       |     2 |     9 ||    11
  Use: Potion            |       |     3 ||     3
 Stab: Sleeping          |       |     1 ||     1
Armor: Skin              |    26 |    14 ||    40
Dodge: Dodged            |    61 |    98 ||   159

Table legend: (Time is in decaauts)
 A = Elapsed time spent in this place.
 B = Non-inter-level travel time spent in this place.
 C = Inter-level travel time spent in this place.
 D = Time resting spent in this place.
 E = Time spent auto-exploring this place.
 F = Levels seen in this place.
 G = Mean time per level.
                   A        B        C        D        E       F      G
               +--------+--------+--------+--------+--------+-----+--------+
         Total |   4567 |   4467 |    100 |    391 |   3611 |   4 | 1141.8 |
       Dungeon |   4567 |   4467 |    100 |    391 |   3611 |   4 | 1141.8 |
               +--------+--------+--------+--------+--------+-----+--------+

Top non-repeatable levels by time:
     D:3: 1632 daAuts
     D:1: 1378 daAuts
     D:2: 1320 daAuts
     D:4: 235 daAuts
